 Dungeon Crawl Stone Soup version 0.23-a0-767-gdc19b93d68 (webtiles) character file.

1066 Esekla the Cutter (level 8, -1/52 HPs)
             Began as an Octopode Wizard on Jan 21, 2019.
             Was a Follower of Sif Muna.
             Slain by a scorpion (6 damage)
             ... on level 8 of the Dungeon.
             The game lasted 00:46:00 (4978 turns).

Esekla the Cutter (Octopode Wizard)                 Turns: 4978, Time: 00:46:00

Health: -1/52      AC:  1    Str:  7    XL:     8   Next: 28%
Magic:  11/13      EV: 14    Int: 21    God:    Sif Muna [*.....]
Gold:   285        SH:  4    Dex: 11    Spells: 8/14 levels left

rFire    . . .     SeeInvis .   i - +2 short sword (freeze)
rCold    . . .     Gourm    .   h - +0 buckler {reflect}
rNeg     . . .     Faith    .   a - +0 hat
rPois    +         Spirit   .   (no amulet)
rElec    .         Reflect  +   r - ring of poison resistance
rCorr    .         Harm     .   m - ring of wizardry
MR       .....                  (no ring)
Stlth    +++.......             (no ring)
HPRegen  0.17/turn              (no ring)
MPRegen  0.13/turn              (no ring)
                                (no ring)
                                (no ring)

@: lethally poisoned (-1 -> -5)
A: almost no armour, stealthy swim, amphibious, 8 rings, constrict 8, camouflage
1, gelatinous body 1
a: Divine Energy, Renounce Religion


You were on level 8 of the Dungeon.
You worshipped Sif Muna.
Sif Muna was aware of your devotion.
You were not hungry.

You visited 1 branch of the dungeon, and saw 8 of its levels.

You collected 285 gold pieces.

Inventory:

Hand Weapons
 i - a +2 short sword of freezing (weapon)
 p - a +0 trident of protection
Missiles
 b - 7 tomahawks (quivered)
 g - 5 poisoned tomahawks
 s - 3 silver tomahawks
Armour
 a - a +0 hat (worn)
 h - a +0 buckler of reflection (worn)
Jewellery
 m - a ring of wizardry (right tentacle)
 r - a ring of poison resistance (left tentacle)
Wands
 y - a wand of flame (22)
 B - a wand of random effects (11)
Scrolls
 d - 3 scrolls of blinking
 e - a scroll of amnesia {unknown}
 f - 3 scrolls of fear {unknown}
 j - 4 scrolls of remove curse
 o - 2 scrolls of enchant armour {unknown}
 q - a scroll of random uselessness {unknown}
 u - a scroll of teleportation {unknown}
 w - a scroll of enchant weapon {unknown}
 C - 2 scrolls of identify
Potions
 k - a potion of haste
 l - 2 potions of flight
 n - a potion of brilliance
 t - 3 potions of lignification
 v - 2 potions of ambrosia {unknown}
 x - 2 potions of agility {unknown}
 z - a potion of might {unknown}
 A - a potion of curing {unknown}
Comestibles
 c - 5 rations


   Skills:
 + Level 3.0 Fighting
 * Level 4.5 Short Blades
 + Level 3.3 Dodging
 - Level 2.6 Stealth
 * Level 2.5 Shields
 + Level 3.5 Spellcasting
 * Level 3.4 Conjurations
   Level 1.0 Summonings
 + Level 1.2 Translocations
 * Level 2.6 Air Magic
 * Level 4.0 Poison Magic


You had 8 spell levels left.
You knew the following spells:

 Your Spells              Type           Power        Failure   Level  Hunger
a - Magic Dart            Conj           ###.         1%          1    None
b - Blink                 Tloc           N/A          6%          2    ##.....
c - Mephitic Cloud        Conj/Pois/Air  ###.....     4%          3    ###....

Your spell library contained the following spells:

 Spells                   Type           Power        Failure   Level  Hunger
 Call Imp                 Summ           #.......     6%          2    ##.....
 Slow                     Hex            #.......     9%          2    ##.....
 Conjure Flame            Conj/Fire      ##......     9%          3    ###....


Dungeon Overview and Level Annotations

Branches:
Dungeon (8/15)
 Temple: D:4-7         Lair: D:8-11

Altars:
Sif Muna
Xom

Annotations:
D:4 Pikel


Innate Abilities, Weirdness & Mutations

You cannot wear most types of armour.
You are very stealthy in the water. (Stealth+)
You are amphibious.
You can wear up to eight rings at the same time.
You can use your tentacles to constrict eight enemies at once.
Your skin changes colour to match your surroundings (Stealth+).
Your rubbery body absorbs attacks. (AC +1, EV +1)


Message History

The scorpion is moderately wounded.
Casting: Magic Dart (safe; 1% risk of failure)
Confirm with . or Enter, or press ? or * to list all spells.
Aiming: Magic Dart (safe; 1% risk of failure)
Press: ? - help, Shift-Dir - straight line, f/p - scorpion
Aim: a scorpion (moderately wounded)
The magic dart hits the scorpion.
The scorpion is heavily wounded.
You hit the scorpion but do no damage. Your grab misses the scorpion.
The scorpion is heavily wounded.
The scorpion stings you.
* * * LOW HITPOINT WARNING * * *
You are poisoned.
The scorpion poisons you!
You barely miss the scorpion. You grab the scorpion.
The scorpion is heavily wounded.
You constrict the scorpion.
* * * LOW HITPOINT WARNING * * *
You feel sick. The scorpion stings you.
You die...

.........)...#.#
.#.......<..##.#
...........##..#
. .####..##.##.#
.# #..##.#..#
..# ....##...#
..# ####.#...##
.. ###.#..###.#
.........@s.#
#....#....#.#
####.........#
.......##.....
........ ..####
.......# #..
.......# ###
......?


You could see a scorpion.

Vanquished Creatures
  An ogre (D:5)
  A centaur (D:8)
  2 bullfrogs
  A scorpion (D:4)
  A howler monkey (D:5)
  A crimson imp (D:5)
  3 orc wizards
  2 centaur skeletons (D:4)
  2 hounds
  3 orc priests
  Jessica (D:2)
  Natasha (thrice) (D:4)
  2 worker ants (D:4)
  A hound zombie (D:5)
  A hound skeleton (D:5)
  9 adders
  2 oozes
  An adder zombie (D:5)
  4 worms
  A dart slug (D:1)
  2 leopard geckos (D:4)
  13 orcs
  3 bats
  4 giant cockroaches
  8 goblins
  3 hobgoblins
  8 jackals
  13 kobolds
  A quokka (D:5)
  9 ball pythons
  2 frilled lizards (D:2)
  3 rats
111 creatures vanquished.

Notes
Turn   | Place    | Note
-------+----------+-------------------------------------------
     0 | D:1      | Esekla the Octopode Wizard began the quest for the Orb.
     0 | D:1      | Reached XP level 1. HP: 11/11 MP: 4/4
   130 | D:1      | Reached XP level 2. HP: 18/18 MP: 6/6
   238 | D:1      | Reached skill level 1 in Fighting
   410 | D:1      | Found an ornate altar of the Wu Jian Council.
   412 | D:1      | Found a shimmering altar of Xom.
   412 | D:1      | Found a shattered altar of Ashenzari.
   414 | D:1      | Found a shattered altar of Ashenzari.
   414 | D:1      | Found a blossoming altar of Fedhas.
   414 | D:1      | Found a stormy altar of Qazlal.
   460 | D:1      | Reached XP level 3. HP: 23/23 MP: 4/7
   523 | D:1      | Learned a level 2 spell: Blink
   527 | D:1      | Learned a level 3 spell: Mephitic Cloud
   694 | D:2      | Noticed Jessica
   701 | D:2      | Killed Jessica
   873 | D:2      | Reached XP level 4. HP: 15/28 MP: 8/8
  1577 | D:3      | You fall through a shaft for 2 floors!
  1577 | D:5      | Entered Level 5 of the Dungeon
  1619 | D:5      | Reached skill level 1 in Air Magic
  1815 | D:2      | Reached skill level 1 in Short Blades
  1815 | D:2      | Reached XP level 5. HP: 28/33 MP: 10/10
  2161 | D:2      | Reached skill level 1 in Shields
  2161 | D:2      | Reached skill level 1 in Poison Magic
  2451 | D:3      | Found a deep blue altar of Sif Muna.
  2454 | D:3      | Became a worshipper of Sif Muna the Loreminder
  2505 | D:3      | Reached XP level 6. HP: 36/39 MP: 11/11
  2776 | D:4      | Noticed a slave
  2776 | D:4      | Noticed a slave
  2776 | D:4      | Noticed a slave
  2872 | D:4      | Noticed an ice beast
  2974 | D:4      | Noticed Pikel
  3597 | D:4      | Reached XP level 7. HP: 43/45 MP: 12/12
  3605 | D:4      | Noticed Natasha
  3607 | D:4      | Killed Natasha
  3788 | D:4      | Noticed Natasha
  3795 | D:4      | Killed Natasha
  3923 | D:4      | Noticed Natasha
  3930 | D:4      | Killed Natasha
  3957 | D:4      | Reached * piety under Sif Muna
  4933 | D:7      | Reached XP level 8. HP: 36/51 MP: 10/13
  4978 | D:8      | Slain by a scorpion

Vault maps used:
D:1:      lightli_arrival_flooded_house, hangedman_decor_points,
          nrook_mini_vaults, doesnt_xom_only_xom
D:2:      uniq_jessica
D:3:      lemuel_blue_sif_altar, first_ration, hangedman_decor_push, hex_tiny
D:4:      minmay_snake_closets, uniq_natasha, uniq_pikel
D:5:      tgw_trog, minmay_temple_entry_nine_rooms
D:6:      lemuel_doored_altar, minmay_overflow_temple_star_quad,
          serial_column_ruins, column_ruins_hut, column_ruins_square_medium,
          column_ruins_corridor_T, column_ruins_columns_straight,
          column_ruins_open_medium, column_ruins_open_small,
          column_ruins_open_tiny
D:7:      gammafunk_ghost_smash, the_bakery
D:8:      serial_shops, nicolae_shop_trees, uniq_erica

Skill      XL: |  1  2  3  4  5  6  7  8 |
---------------+-------------------------+-----
Fighting       | 1 2 3 |  3.0
Conjurations   | 2 3 |  3.4
Air Magic      | 1 2 |  2.6
Short Blades   | 1 2 3 4 |  4.5
Shields        | 1 2 |  2.5
Poison Magic   | 1 2 3 4 |  4.0
Dodging        | 3 |  3.3
Stealth        | |  2.6
Spellcasting   | |  3.5
Summonings     | |  1.0
Translocations | |  1.2

Action                   |  1- 3 |  4- 6 |  7- 9 || total
-------------------------+-------+-------+-------++-------
Melee: Unarmed           |    25 |       |       ||    25
       Tentacles         |    15 |    17 |    19 ||    51
       Constrict         |    13 |    33 |    18 ||    64
       Short sword       |    37 |   128 |   113 ||   278
Throw: Tomahawk          |       |       |     2 ||     2
 Cast: Magic Dart        |    12 |    26 |    11 ||    49
       Mephitic Cloud    |       |     2 |     2 ||     4
       Blink             |       |       |     1 ||     1
  Use: Potion            |     1 |     1 |     1 ||     3
       Scroll            |       |     5 |     1 ||     6
 Stab: Sleeping          |    11 |    12 |     6 ||    29
       Confused          |       |     2 |     1 ||     3
       Distracted        |       |       |     1 ||     1
  Eat: Ration            |       |     3 |     1 ||     4
Armor: Skin              |     4 |     6 |     6 ||    16
Dodge: Dodged            |    32 |    60 |    30 ||   122
Block: Buckler           |     6 |    14 |     9 ||    29

Table legend:
 A = Non-vault XP
 B = Vault XP
 C = Vault XP percentage of total XP
 D = Non-vault monster count
 E = Vault monster count
 F = Vault count percentage of total count
                 A         B        C        D         E       F
            +---------+---------+-------+---------+---------+-------
      Total |    1414 |     109 |   7.2 |     100 |      11 |   9.9
            +---------+---------+-------+---------+---------+-------
        D:1 |      43 |       0 |   0.0 |      24 |       0 |   0.0
        D:2 |     129 |      37 |  22.3 |      17 |       1 |   5.6
        D:3 |     135 |       0 |   0.0 |      15 |       0 |   0.0
        D:4 |     463 |      72 |  13.5 |      24 |      10 |  29.4
        D:5 |     294 |       0 |   0.0 |      11 |       0 |   0.0
        D:7 |     112 |       0 |   0.0 |       6 |       0 |   0.0
        D:8 |     238 |       0 |   0.0 |       3 |       0 |   0.0
            +---------+---------+-------+---------+---------+-------
